 Dungeon Sprint DCSS version 0.16.2-12-gd0ad4c3 (webtiles) character file.

9068 musteatbrain the Severer (level 11, -3/90 HPs)
             Began as a Minotaur Berserker on Oct 15, 2015.
             Was the Champion of Trog.
             Slain by a 13-headed hydra (12 damage)
             ... in the Dungeon (Sprint I: "Red Sonja").
             The game lasted 00:12:16 (2121 turns).

musteatbrain the Severer (Minotaur Berserker)       Turns: 2121, Time: 00:12:16

Health: -3/90      AC:  3    Str: 21      XL:     11   Next: 18%
Magic:  12/12      EV: 13    Int:  3 (4)  God:    Trog [******]
Gold:   430        SH:  0    Dex:  5 (6)  Spells: 0 memorised, 10 levels left

rFire  . . .     SeeInvis .     q - +5 executioner's axe (elec)
rCold  . . .     Rnd*Rage +     l - +0 ring mail
rNeg   . . .     SustAb   .     (no shield)
rPois  .         Gourm    .     (helmet restricted)
rElec  .         Spirit   .     (no cloak)
rCorr  .         Warding  .     (no gloves)
rMut   .         NoTele   +     (no boots)
MR     ++...                    (no amulet)
Stlth  ..........               (no ring)
                                (no ring)

@: exhausted, regenerating, slowed, very slow, very resistant to hostile
enchantments, extremely unstealthy
A: retaliatory headbutt, horns 2, berserk 2, blurry vision 1, clumsy 2, deformed
body, deterioration 1, frail 2, low mp 1, screaming 1, spit poison 1, weak 2,
MP-powered wands 1
a: Spit Poison, Burn Spellbooks, Berserk, Trog's Hand, Brothers in Arms,
Renounce Religion


You were in the Dungeon.
You worshipped Trog.
Trog was exalted by your worship.
You were very hungry.

You visited 1 branch You collected 1076 gold pieces.
You spent 646 gold pieces at shops.

Inventory:

Hand weapons
 p - a +4 antimagic battleaxe
 q - a +5 executioner's axe of electrocution (weapon)
Armour
 l - a +0 ring mail (worn)
Scrolls
 b - a scroll of identify
 h - a scroll of amnesia {unknown}
 i - a scroll of acquirement {unknown}
 j - a scroll of recharging {unknown}
 n - a scroll of remove curse
Potions
 a - a potion of heal wounds
 e - 4 potions of curing
 f - a potion of haste
 g - 3 potions of magic
Miscellaneous
 d - a box of beasts
Comestibles
 k - 2 meat rations
 m - 2 beef jerkies
 o - 13 chunks of flesh


   Skills:
 + Level 15.6 Fighting
 * Level 20.7 Axes
 + Level 5.5 Armour
 + Level 14.3 Dodging
 - Level 5.7 Evocations


You had 10 spell levels left.
You didn't know any spells.

Dungeon Overview and Level Annotations

Branches:
Dungeon (1/1)

Altars:
Cheibriados
Dithmenos
Elyvilon
Fedhas
Gozag
Kikubaaqudgha
Makhleb
Nemelex Xobeh
Okawaru
Qazlal
Ru
Sif Muna
Trog
Vehumet
Xom
Yredelemnul
Zin
The Shining One
Jiyva

Shops:
D :(%*:![

Annotations:
D exclusion: oklob plant


Innate Abilities, Weirdness & Mutations

You reflexively headbutt those who attack you in melee.
You have a pair of horns on your head.
You often lose your temper in combat.
Scrolls take you a little longer to read.
You are very clumsy. (Dex -4)
Armour fits poorly on your strangely shaped body.
Your body is slowly deteriorating.
You are very frail (-20% HP).
Your magical capacity is low (-10% MP).
You occasionally shout uncontrollably at your foes.
You can spit poison.
You are very weak. (Str -4)
You expend magic power (3 MP) to slightly strengthen your wands.


Message History

You feel yourself slow down.
You are feeling very hungry.
You see here a +2 antimagic battleaxe.
There is an open door, spattered with blood here.
You see here a hog skeleton.
Use which ability? (? or * to list)
Okay, then.
Drink which item? (? for menu, Esc to quit)
You feel much better. The 13-headed hydra misses you.
The 13-headed hydra bites you. x2
The 13-headed hydra misses you. x2
The 13-headed hydra closely misses you. The 13-headed hydra bites you!
* * * LOW HITPOINT WARNING * * *
The 13-headed hydra bites you!
* * * LOW HITPOINT WARNING * * *
The 13-headed hydra barely misses you. The 13-headed hydra closely misses you.
The 13-headed hydra bites you.
* * * LOW HITPOINT WARNING * * *
The 13-headed hydra bites you!
You die...

###########################
_#..))..#..#§§§§@D§§.§.'G$#
.'..#...##'#§####§§§§§##$.+
_####...'..#.# ##§§.## ##
##§§#####.)'.# ###§# $##
§§.§#§§##'#### #§##$$$#
§§§§§.§#..^ #..###$#
§§§§#.§#§§.§ ##.#A#$#
'#####'###§.§ ..###$#
§§)###P+ §§.# #.##..$#


You could see a 13-headed hydra.

Vanquished Creatures
  A lindwurm (D)
  A deep troll (D)
  8 shining eyes (D)
  2 kobold demonologists (D)
  A gargoyle (D)
  4 demonic crawlers (D)
  Sonja (D)
  A slime creature (D)
  13 hogs (D)
  A yak (D)
  An ogre (D)
  A wasp (D)
  Sigmund (D)
  A jelly (D)
  Ijyb (D)
  5 giant eyeballs (D)
  2 ballistomycetes (D)
45 creatures vanquished.

Vanquished Creatures (collateral kills)
  2 centaur warriors (D)
2 creatures vanquished.

Vanquished Creatures (others)
  A gargoyle (D)
  An ogre (D)
  2 giant spores (D)
4 creatures vanquished.

Grand Total: 51 creatures vanquished

Notes
Turn   | Place    | Note
--------------------------------------------------------------
     0 | D        | musteatbrain, the Minotaur Berserker, began the quest for the Orb.
     0 | D        | Reached XP level 1. HP: 19/19 MP: 1/1
     2 | D        | Noticed Ijyb
    13 | D        | Killed Ijyb
    13 | D        | Reached skill level 4 in Fighting
    13 | D        | Reached skill level 5 in Axes
    13 | D        | Reached XP level 2. HP: 14/28 MP: 1/1
   180 | D        | Killed a gargoyle
   229 | D        | Noticed an ogre
   235 | D        | Killed an ogre
   235 | D        | Acquired Trog's second power
   235 | D        | Reached skill level 6 in Fighting
   235 | D        | Reached skill level 8 in Axes
   235 | D        | Reached skill level 5 in Dodging
   235 | D        | Reached XP level 3. HP: 35/38 MP: 2/2
   235 | D        | Reached XP level 4. HP: 41/45 MP: 2/2
   344 | D        | Noticed Sigmund
   348 | D        | Killed Sigmund
   348 | D        | Reached skill level 10 in Axes
   348 | D        | Reached XP level 5. HP: 52/52 MP: 2/2
   410 | D        | Found a deep blue altar of Sif Muna.
   411 | D        | Noticed a jelly
   412 | D        | Found a radiant altar of Vehumet.
   416 | D        | Killed a jelly
   453 | D        | Found Qaaraeh's General Store.
   453 | D        | Found a white marble altar of Elyvilon.
   453 | D        | Found a stormy altar of Qazlal.
   453 | D        | Found a burning altar of Makhleb.
   453 | D        | Found a sacrificial altar of Ru.
   453 | D        | Found a basalt altar of Yredelemnul.
   453 | D        | Found a glowing golden altar of the Shining One.
   453 | D        | Found a sparkling altar of Nemelex Xobeh.
   453 | D        | Found a shimmering altar of Xom.
   453 | D        | Found an opulent altar of Gozag.
   453 | D        | Found an ancient bone altar of Kikubaaqudgha.
   453 | D        | Found a glowing silver altar of Zin.
   453 | D        | Noticed a yak
   455 | D        | Found an iron altar of Okawaru.
   461 | D        | Killed a yak
   461 | D        | Reached skill level 11 in Axes
   461 | D        | Reached XP level 6. HP: 62/62 MP: 3/3
   504 | D        | Found a bloodstained altar of Trog.
   510 | D        | Bought a scroll of identify for 26 gold pieces
   526 | D        | Found a snail-covered altar of Cheibriados.
   526 | D        | Found a viscous altar of Jiyva.
   526 | D        | Found a shadowy altar of Dithmenos.
   526 | D        | Found a blossoming altar of Fedhas.
   526 | D        | Noticed a slime creature
   531 | D        | Killed a slime creature
   531 | D        | Reached skill level 12 in Axes
   583 | D        | Noticed a kobold demonologist
   584 | D        | Noticed a kobold demonologist
   588 | D        | Killed a kobold demonologist
   588 | D        | Acquired Trog's third power
   588 | D        | Reached skill level 10 in Fighting
   588 | D        | Reached skill level 14 in Axes
   588 | D        | Reached XP level 7. HP: 73/73 MP: 3/3
   593 | D        | Killed a kobold demonologist
   593 | D        | Reached XP level 8. HP: 82/82 MP: 3/3
   637 | D        | Noticed a demonic crawler
   637 | D        | Noticed a demonic crawler
   637 | D        | Noticed a demonic crawler
   637 | D        | Noticed a demonic crawler
   646 | D        | Killed a demonic crawler
   646 | D        | Reached skill level 15 in Axes
   646 | D        | Reached skill level 10 in Dodging
   652 | D        | Killed a demonic crawler
   656 | D        | Killed a demonic crawler
   656 | D        | Reached skill level 16 in Axes
   667 | D        | Killed a demonic crawler
   667 | D        | Reached XP level 9. HP: 21/91 MP: 4/4
   826 | D        | Noticed a gargoyle
   839 | D        | Killed a gargoyle
   878 | D        | Noticed a lindwurm
   908 | D        | Noticed a centaur warrior
   909 | D        | Noticed a centaur warrior
   914 | D        | Killed a centaur warrior
   914 | D        | Reached skill level 17 in Axes
   923 | D        | Killed a centaur warrior
   980 | D        | Bought a box of beasts for 260 gold pieces
   980 | D        | Bought a potion of curing for 39 gold pieces
   980 | D        | Bought a potion of curing for 39 gold pieces
   988 | D        | Noticed Sonja
  1008 | D        | Found Pruek's Book Boutique.
  1015 | D        | Killed Sonja
  1385 | D        | Noticed a deep troll
  1391 | D        | Killed a deep troll
  1391 | D        | Reached skill level 18 in Axes
  1442 | D        | Got a slimy great sword
  1448 | D        | Identified the +7 great sword "Suad" {flame, Str+4 Int-2} (You found it in the Dungeon)
  1469 | D        | Noticed a wasp
  1475 | D        | Killed a wasp
  1593 | D        | Noticed an oklob plant
  1681 | D        | Noticed a shining eye
  1681 | D        | Noticed a shining eye
  1684 | D        | Paralysed by a giant eyeball for 3 turns
  1688 | D        | Gained mutation: You are weak. (Str -2) [a shining eye]
  1704 | D        | Gained mutation: You are clumsy. (Dex -2) [a shining eye]
  1707 | D        | Gained mutation: Scrolls take you a little longer to read. [a shining eye]
  1715 | D        | Gained mutation: You are very weak. (Str -4) [a shining eye]
  1716 | D        | Killed a shining eye
  1716 | D        | Received a gift from Trog
  1716 | D        | Reached XP level 10. HP: 102/102 MP: 4/7
  1720 | D        | Paralysed by a giant eyeball for 2 turns
  1724 | D        | Paralysed by a giant eyeball for 2 turns
  1727 | D        | Killed a shining eye
  1751 | D        | Paralysed by a giant eyeball for 2 turns
  1759 | D        | Noticed a shining eye
  1759 | D        | Noticed a shining eye
  1759 | D        | Noticed a shining eye
  1759 | D        | Gained mutation: You expend magic power (3 MP) to slightly strengthen your wands. [a shining eye]
  1759 | D        | Gained mutation: You are very clumsy. (Dex -4) [a shining eye]
  1765 | D        | Gained mutation: You are frail (-10% HP). [a shining eye]
  1766 | D        | Gained mutation: Your body is slowly deteriorating. [a shining eye]
  1778 | D        | Gained mutation: You tend to lose your temper in combat. [a shining eye]
  1782 | D        | Killed a shining eye
  1782 | D        | Reached skill level 19 in Axes
  1785 | D        | Killed a shining eye
  1788 | D        | Killed a shining eye
  1822 | D        | Noticed a shining eye
  1822 | D        | Gained mutation: You occasionally shout uncontrollably at your foes. [a shining eye]
  1826 | D        | Noticed a shining eye
  1827 | D        | Noticed a shining eye
  1830 | D        | Killed a shining eye
  1830 | D        | Gained mutation: You are very frail (-20% HP). [a shining eye]
  1831 | D        | Paralysed by a giant eyeball for 3 turns
  1832 | D        | Gained mutation: You can spit poison. [a shining eye]
  1833 | D        | Gained mutation: You often lose your temper in combat. [a shining eye]
  1835 | D        | Gained mutation: Armour fits poorly on your strangely shaped body. [a shining eye]
  1837 | D        | Gained mutation: Your magical capacity is low (-10% MP). [a shining eye]
  1842 | D        | Killed a shining eye
  1842 | D        | Received a gift from Trog
  1842 | D        | Reached skill level 5 in Evocations
  1847 | D        | Killed a shining eye
  1847 | D        | Reached skill level 15 in Fighting
  1863 | D        | Found Piotafe's Antique Weapon Shoppe.
  1863 | D        | Found Caopalel's Book Shop.
  1863 | D        | Found Yrchaimp's Food Emporium.
  1863 | D        | Found Asmoin's Distillery.
  1878 | D        | Bought a potion of heal wounds for 50 gold pieces
  1878 | D        | Bought a potion of heal wounds for 50 gold pieces
  1889 | D        | Bought a meat ration for 70 gold pieces
  1889 | D        | Bought a beef jerky for 21 gold pieces
  1889 | D        | Bought a beef jerky for 21 gold pieces
  1889 | D        | Bought a meat ration for 70 gold pieces
  1920 | D        | Found Foalaurch's Armour Emporium.
  1979 | D        | Killed a lindwurm
  1979 | D        | Reached skill level 20 in Axes
  2008 | D        | Noticed a hog
  2008 | D        | Noticed a hog
  2008 | D        | Noticed a hog
  2008 | D        | Noticed a hog
  2008 | D        | Noticed a hog
  2008 | D        | Noticed a hog
  2008 | D        | Noticed a hog
  2008 | D        | Noticed a hog
  2008 | D        | Noticed a hog
  2008 | D        | Noticed a hog
  2008 | D        | Noticed a hog
  2010 | D        | Killed a hog
  2015 | D        | Killed a hog
  2016 | D        | Noticed a hog
  2017 | D        | Noticed a hog
  2018 | D        | Killed a hog
  2018 | D        | Reached XP level 11. HP: 89/89 MP: 4/12
  2021 | D        | Killed a hog
  2023 | D        | Killed a hog
  2024 | D        | Killed a hog
  2026 | D        | Killed a hog
  2026 | D        | Received a gift from Trog
  2028 | D        | Killed a hog
  2029 | D        | Killed a hog
  2029 | D        | Reached skill level 5 in Armour
  2030 | D        | Killed a hog
  2031 | D        | Killed a hog
  2033 | D        | Killed a hog
  2033 | D        | Killed a hog
  2033 | D        | Received a gift from Trog
  2059 | D        | Noticed a daeva
  2112 | D        | Noticed a 12-headed hydra
  2121 | D        | Slain by a 13-headed hydra

Action                   |  1- 3 |  4- 6 |  7- 9 | 10-12 || total
-------------------------+-------+-------+-------+-------++-------
Melee: Hand axe          |    15 |    18 |    78 |       ||   111
       Battleaxe         |       |       |       |    60 ||    60
       Executioner's axe |       |       |       |     1 ||     1
Invok: Berserk           |     1 |     4 |     3 |     3 ||    11
       Trog's Hand       |       |       |     7 |     3 ||    10
       Brothers in Arms  |       |       |     2 |       ||     2
  Use: Potion            |       |       |     5 |     1 ||     6
       Scroll            |       |       |     3 |       ||     3
  Eat: Chunk             |       |     1 |     2 |       ||     3
       Bread ration      |       |     1 |     1 |       ||     2
       Meat ration       |       |       |     1 |       ||     1
